 Dungeon Crawl Stone Soup version 0.29-a0-234-g0dae59b3db (webtiles) character file.

Game seed: 9282150684025872542

86 HotDog the Covered (level 4, -2/29 HPs)
             Began as a Gargoyle Fighter on Mar 2, 2022.
             Slain by an adder (3 damage)
             ... on level 4 of the Dungeon.
             The game lasted 00:03:15 (3379 turns).

HotDog the Covered (Gargoyle Fighter)               Turns: 3379, Time: 00:03:15

Health: -2/29      AC: 11    Str: 22    XL:     4   Next: 49%
Magic:  4/4        EV:  9    Int:  8    God:
Gold:   140        SH:  0    Dex:  9    Spells: 3/3 levels left

rFire   . . .      SeeInvis .   a - +0 flail
rCold   . . .      Faith    .   c - +0 buckler
rNeg    + . .      Spirit   .   b - +0 scale mail
rPois   ∞          Reflect  .   (no helmet)
rElec   +          Harm     .   (no cloak)
rCorr   .          Rampage  .   (no gloves)
Will    .....                   h - +0 pair of boots
Stlth   ..........              (no amulet)
HPRegen 0.09/turn               (no ring)
MPRegen 0.09/turn               (no ring)

@: confused
A: sickness immunity, AC +3, negative energy resistance 1, electricity
resistance, torment resistance 1, petrification resistance
a: no special abilities


You were on level 4 of the Dungeon.
You visited 1 branch of the dungeon, and saw 4 of its levels.

You collected 140 gold pieces.

Inventory:

Hand Weapons
 a - a +0 flail (weapon)
Armour
 b - a +0 scale mail (worn)
 c - a +0 buckler (worn)
 h - a +0 pair of boots (worn)
Wands
 p - a wand of flame (23)
 s - a wand of paralysis (3)
Scrolls
 f - a scroll of fear {unknown}
 g - a scroll of immolation
 j - a scroll of enchant weapon {unknown}
 l - a scroll of silence {unknown}
 o - 2 scrolls of identify
 q - a scroll of teleportation {unknown}
 r - a scroll of enchant armour {unknown}
Potions
 d - a potion of might
 e - 4 potions of curing
 i - 3 potions of heal wounds {unknown}
 k - a potion of resistance {unknown}
 m - 3 potions of magic {unknown}
 n - a potion of invisibility {unknown}


   Skills:
 * Level 3.8 Fighting
 * Level 2.9 Maces & Flails
 * Level 4.0 Armour
 * Level 0.6 Dodging
 * Level 3.6 Shields
 * Level 0.9 Invocations


You had 3 spell levels left.
You didn't know any spells.
Your spell library contained the following spells:

 Spells                   Type           Power      Damage    Failure   Level
 Animate Skeleton         Necr           0%         N/A       82%         1
 Pain                     Necr           0%         1d4       82%         1
 Ensorcelled Hibernation  Hex/Ice        0%         N/A       91%         2
 Static Discharge         Conj/Air       0%         N/A       91%         2
 Spider Form              Tmut/Pois      0%         N/A       99%         3
 Vampiric Draining        Necr           0%         2d6       99%         3
 Anguish                  Hex/Necr       0%         N/A       100%        4
 Dispel Undead            Necr           0%         3d6       100%        4
 Sticky Flame             Conj/Fire      0%         2d3       100%        4
 Summon Ice Beast         Ice/Summ       0%         N/A       100%        4
 Summon Mana Viper        Hex/Summ       0%         N/A       100%        5
 Monstrous Menagerie      Summ           0%         N/A       100%        7


Dungeon Overview and Level Annotations

Branches:
Dungeon (4/15)
 Temple: D:4-7

Altars:
Makhleb
Okawaru
Qazlal
Trog
Vehumet
Zin

Shops:
D:1 *


Innate Abilities, Weirdness & Mutations

You are immune to sickness and miasma.
Your stone body is resilient. (AC +3)
You are immune to poison.
You resist negative energy. (rN+)
You are resistant to electric shocks. (rElec)
You are resistant to unholy torment.
You are immune to petrification.


Message History

The orc priest casts a cantrip, but nothing happens.
The orc wizard closely misses you.
The orc priest calls down the wrath of Beogh upon you.
Beogh smites you!
You closely miss the orc wizard.
The orc wizard points at you and mumbles some strange words.
You resist with some effort. You block the orc's attack.
You completely miss the orc wizard. The orc wizard completely misses you.
The orc hits you but does no damage.
You hit the orc wizard.
The orc wizard is lightly wounded.
The orc wizard hits you but does no damage.
The orc hits you but does no damage.
The orc wizard points at you and mumbles some strange words.
You are confused.
The orc hits you but does no damage.
You bump into the stone wall.
The orc wizard hits you but does no damage.
The orc barely misses you.
You bump into the stone wall.
The orc wizard barely misses you. The orc hits you but does no damage.
You bump into the stone wall.
The orc wizard hits you with a +0 dagger.
The orc priest invokes the aid of Beogh against you.
Beogh smites you!
* * * LOW HITPOINT WARNING * * *
You sock the orc!
You kill the orc!
The adder bites you but does no damage.
Your Armour skill increases to level 4!
Unknown command.
You bump into the stone wall.
The adder bites you but does no damage.
The orc wizard hits you but does no damage.
The orc priest looks satisfied for a moment.
You bump into the stone wall.
The adder bites you but does no damage.
The orc wizard hits you with a +0 dagger.
* * * LOW HITPOINT WARNING * * *
The orc priest looks encouraged for a moment.
The adder bites you.
You die...

##.
#..
##.#
#...
#..#
#..#
###So#
#..o@#
#.##.#
#.#
#<#
#.#
#.#
#.#
#.#
#.#


You could see an orc priest, an orc wizard and an adder.

Vanquished Creatures
  4 adders
  2 orcs (D:4)
  3 ball pythons
  3 bats
  2 endoplasms (D:2)
  3 giant cockroaches
  3 hobgoblins
  6 jackals (D:1)
  2 quokkas (D:1)
  7 frilled lizards
  4 goblins
  3 kobolds
  6 rats
48 creatures vanquished.

Notes
Turn   | Place    | Note
-------+----------+-------------------------------------------
     0 | D:1      | HotDog the Gargoyle Fighter began the quest for the Orb.
     0 | D:1      | Reached XP level 1. HP: 14/14 MP: 1/1
   431 | D:1      | Reached XP level 2. HP: 19/19 MP: 2/2
  1345 | D:1      | Reached XP level 3. HP: 22/23 MP: 3/3
  1420 | D:1      | Found Bizumash's Assorted Antiques.
  1622 | D:1      | Found a faded altar of an unknown god.
  2092 | D:2      | Reached XP level 4. HP: 12/29 MP: 4/4
  3283 | D:3      | Found a glowing silver altar of Zin.
  3283 | D:3      | Found a bloodstained altar of Trog.
  3288 | D:3      | Found a burning altar of Makhleb.
  3291 | D:3      | Found a stormy altar of Qazlal.
  3293 | D:3      | Found an iron altar of Okawaru.
  3298 | D:3      | Found a radiant altar of Vehumet.
  3378 | D:4      | Reached skill level 4 in Armour
  3379 | D:4      | HP: 1/29 [orc wizard/+0 dagger (2)]
  3379 | D:4      | Slain by an adder

Illustrated notes

Levels and vault maps discovered:
D:1:      minmay_arrival_shoal_huts, layout_loops_corners, serial_shops, shop,
          shapermc_ecumenical_altar_mp_urbaneastern, st_stairs_14,
          minmay_tetromino_o4
D:2:      layout_loops_cross
D:3:      layout_basic, nicolae_overflow_hallway_of_the_gods
D:4:      layout_rooms, minmay_misc_feat_secret_circle, kennysheep_doodads

Skill      XL: |  1  2  3  4 |
---------------+-------------+-----
Armour         | 4 |  4.0
Fighting       | |  3.8
Maces & Flails | |  2.9
Dodging        | |  0.6
Shields        | |  3.6
Invocations    | |  0.9

Action                   |  1- 3 |  4- 6 || total
-------------------------+-------+-------++-------
Melee: Flail             |   150 |    35 ||   185
  Use: Scroll            |     2 |       ||     2
Armor: Scale mail        |   101 |    27 ||   128
Dodge: Dodged            |    89 |    22 ||   111
Block: Buckler           |    24 |     6 ||    30

Table legend: (Time is in decaauts)
 A = Elapsed time spent in this place.
 B = Non-inter-level travel time spent in this place.
 C = Inter-level travel time spent in this place.
 D = Time resting spent in this place.
 E = Time spent auto-exploring this place.
 F = Levels seen in this place.
 G = Mean time per level.
                   A        B        C        D        E       F      G
               +--------+--------+--------+--------+--------+-----+--------+
         Total |   3440 |   3316 |    124 |    557 |   2314 |   4 |  860.0 |
       Dungeon |   3440 |   3316 |    124 |    557 |   2314 |   4 |  860.0 |
               +--------+--------+--------+--------+--------+-----+--------+

Top non-repeatable levels by time:
     D:1: 1687 daAuts
     D:2: 1102 daAuts
     D:3: 635 daAuts
     D:4: 15 daAuts
